 Dungeon Crawl Stone Soup version 0.23-a0-395-gcf17ac6c65 (webtiles) character file.

38169 Notair the Severer (level 13, -10/127 HPs)
             Began as a Minotaur Gladiator on Nov 2, 2018.
             Was the Champion of Okawaru.
             Mangled by an ettin
             ... wielding a +2 dire flail of protection
              (13 damage)
             ... on level 15 of the Dungeon.
             The game lasted 00:47:34 (21001 turns).

Notair the Severer (Minotaur Gladiator)            Turns: 21001, Time: 00:47:34

Health: -10/127    AC: 18    Str: 24    XL:     13   Next: 62%
Magic:  12/12      EV:  9    Int:  3    God:    Okawaru [******]
Gold:   936        SH:  0    Dex: 21    Spells: 12/12 levels left

rFire    + + +     SeeInvis .   F - +0 broad axe
rCold    x . .     Gourm    +   (no shield)
rNeg     . . .     Faith    .   O - +0 plate armour (curse)
rPois    .         Spirit   .   c - +0 hat
rElec    .         Reflect  .   l - scarf {cloud immunity}
rCorr    .         Harm     .   P - +1 pair of gloves "Tawkeino" {rF+++ Int-2 Dex+9 Stlth+}
MR       .....                  s - +0 pair of boots
Stlth    ..........             T - amulet of the gourmand
HPRegen  0.31/turn              n - +1 ring of protection
MPRegen  0.13/turn              x - ring of fire

@: invisible
A: retaliatory headbutt, horns 2
a: Heroism, Finesse, Renounce Religion


You were on level 15 of the Dungeon.
You worshipped Okawaru.
Okawaru was exalted by your worship.
You were very hungry.

You visited 2 branches of the dungeon, and saw 16 of its levels.
You also visited: Sewer.

You collected 936 gold pieces.

Inventory:

Hand Weapons
 d - a +0 arbalest
 o - a +3 mace
 F - a +0 broad axe (weapon)
Missiles
 e - 566 stones
 m - 71 poisoned needles
 p - 4 throwing nets (quivered)
 q - 26 bolts
 t - 150 sling bullets
 J - 4 steel javelins
Armour
 c - a +0 hat (worn)
 l - a scarf of cloud immunity (worn)
 s - a +0 pair of boots (worn)
 C - a +0 plate armour
 O - a cursed +0 plate armour (worn)
 P - the +1 pair of gloves "Tawkeino" (worn) {rF+++ Int-2 Dex+9 Stlth+}
   (Okawaru gifted it to you on level 12 of the Dungeon)

   It affects your intelligence (-2).
   It affects your dexterity (+9).
   It renders you almost immune to fire.
   It makes you more stealthy.
Jewellery
 n - a +1 ring of protection (left hand)
 x - a ring of fire (right hand)
 D - an uncursed ring of flight
 T - an amulet of the gourmand (around neck)
Wands
 b - a wand of digging (13)
 r - a wand of random effects (35)
 G - a wand of polymorph (9)
 K - a wand of iceblast (8)
 L - a wand of enslavement (17)
 Q - a wand of disintegration (3)
Scrolls
 a - a scroll of enchant weapon {unknown}
 j - 6 scrolls of teleportation
 k - a scroll of identify
 u - a scroll of amnesia
 w - 2 scrolls of fear {unknown}
 y - 2 scrolls of enchant armour {unknown}
 A - 2 scrolls of remove curse
 B - 4 scrolls of vulnerability {unknown}
 M - a scroll of noise {unknown}
 N - a scroll of summoning {unknown}
 R - a scroll of fog {unknown}
Potions
 g - a potion of curing
 h - 3 potions of haste
 i - 2 potions of ambrosia
 v - a potion of invisibility
 z - 2 potions of brilliance
 E - a potion of might
 H - a potion of lignification
 I - a potion of flight {unknown}
 S - a potion of mutation {unknown}
Comestibles
 f - 33 rations


   Skills:
 + Level 15.5 Fighting
 - Level 20.0 Axes
 - Level 2.0 Throwing
 + Level 8.5 Armour
 - Level 3.2 Dodging


You had 12 spell levels left.
You didn't know any spells.
Your spell library contained the following spells:

 Spells                   Type           Power        Failure   Level  Hunger
 Corona                   Hex            #......      100%        1    ##.....
 Flame Tongue             Conj/Fire      #....        100%        1    ##.....
 Ensorcelled Hibernation  Hex/Ice        #.....       100%        2    ###....
 Throw Flame              Conj/Fire      #.....       100%        2    ###....
 Confuse                  Hex            #.......     100%        3    ####...
 Conjure Flame            Conj/Fire      #.......     100%        3    ####...
 Dazzling Spray           Conj/Hex       #.....       100%        3    ####...
 Inner Flame              Hex/Fire       #.......     100%        3    ####...
 Tukima's Dance           Hex            #.......     100%        3    ####...
 Sticky Flame             Conj/Fire      #.......     100%        4    #####..
 Fireball                 Conj/Fire      #.........   100%        5    ######.


Dungeon Overview and Level Annotations

Branches:
Dungeon (15/15)            Temple (1/1) D:6            Lair (0/6) D:11
    Orc (0/2) D:9          Vaults (0/5) D:13
 Depths: D:15

Altars:
Ashenzari
Cheibriados
Dithmenos
Elyvilon
Fedhas
Gozag
Hepliaklqana
Kikubaaqudgha
Makhleb
Nemelex Xobeh
Okawaru
Qazlal
Ru
Sif Muna
Trog
Uskayaw
Vehumet
Wu Jian
Xom
Yredelemnul
Zin
The Shining One
Beogh

Shops:
D:5 ([   D:9 *%   D:11 ((?(

Annotations:
D:4 1 runed door, Banto's ghost, novice DsGl
D:13 2 runed doors, HELP's ghost, journeyman DsBe


Innate Abilities, Weirdness & Mutations

You reflexively headbutt those who attack you in melee.
You have a pair of horns on your head.


Message History

The ettin hits you with a +0 dire flail!
* * * LOW HITPOINT WARNING * * *
You slash the ettin! You headbutt the ettin!
The ettin is severely wounded.
The boggart gestures wildly while chanting.
You slash the ettin! You headbutt the ettin.
The ettin is almost dead.
The ettin hits you with a +2 dire flail of protection!!
* * * LOW HITPOINT WARNING * * *
The ettin hits you with a +0 dire flail.
* * * LOW HITPOINT WARNING * * *
The sky beast flickers out of sight!
Deactivating autopickup; reactivate with Ctrl-A.
Okay, then.
Okay, then.
Press: ? - help, v - describe, . - travel The floor, spattered with blood.
You fade into invisibility!
The ettin hits you with a +2 dire flail of protection!
You die...

#.###.#.### #
#.###.#.#
#.##....#
#.##..###
#######.##..#####
#...............#
.#.....##........
#...###.##...#.#.#
.. #@#.#...## .
#C## .##.#
.........# .# #.#
.....##..# .# .#
..g. .O.. ...
#T... .. ...#.# #
..#..# [....#


You could see an ettin, an ogre mage and a deep troll.

Vanquished Creatures
  A stone giant (D:9)
  Azrael (D:14)
  Harold (D:10)
  2 hydras
  A vault guard (D:13)
  2 catoblepae
  Erica (D:11)
  A centaur warrior (D:9)
  3 two-headed ogres
  A flayed ghost (D:14)
  2 unseen horrors (D:14)
  Pikel (D:8)
  The ghost of oberejnoburuli the Covert, a novice OpTm of Cheibriados (D:9)
  A necromancer (D:14)
  An ugly thing (D:13)
  A deep elf mage (D:14)
  2 manticores
  2 cyclopes
  Maurice (D:9)
  A guardian serpent (shapeshifter) (D:15)
  A gargoyle (D:13)
  2 komodo dragons (D:13)
  A yaktaur (D:15)
  A freezing wraith (D:15)
  3 trolls
  A meliai (D:13)
  A hornet (D:9)
  11 slime creatures
  A meliai zombie (D:13)
  5 hippogriffs
  Sigmund (D:4)
  A vampire (D:13)
  A spriggan (D:7)
  A wyvern (D:12)
  A wraith (D:12)
  A shadow (D:7)
  Eustachio (D:6)
  22 yaks
  3 fire elementals (D:14)
  2 hungry ghosts
  A steam dragon (D:12)
  The ghost of derval the Chiller, an amateur MfIE (D:5)
  2 wargs (D:11)
  3 hell hounds (D:14)
  A water moccasin (D:10)
  An acid dragon (D:12)
  3 black bears
  A sky beast (D:10)
  17 orc warriors
  2 ice beasts
  A necrophage (D:13)
  7 ogres
  4 phantoms
  A boggart (D:15)
  19 centaurs
  2 crocodiles
  The ghost of alpinistek the Chiller, an amateur DsIE (D:3)
  A big kobold (D:6)
  Blork the orc (D:6)
  6 gnoll sergeants
  14 bullfrogs
  A wyvern skeleton (D:3)
  8 scorpions
  3 killer bees (D:7)
  7 wights
  2 howler monkeys (D:6)
  7 crimson imps
  3 centaur zombies
  A bullfrog zombie (D:6)
  7 hounds
  3 quasits
  A bullfrog skeleton (D:4)
  15 jellies
  9 orc priests
  6 centaur skeletons
  A gnoll shaman (D:5)
  6 worker ants
  Natasha (thrice) (D:4)
  5 iguanas
  23 orc wizards
  9 yak simulacra (D:14)
  A polar bear simulacrum (D:14)
  A hound zombie (D:8)
  A hound skeleton (D:11)
  25 gnolls
  6 adders
  2 shadow imps
  16 oozes
  2 adder skeletons
  3 worms
  A dart slug (D:1)
  2 leopard geckos
  54 orcs
  6 giant cockroaches
  9 goblins
  9 hobgoblins
  22 jackals
  5 kobolds
  5 quokkas
  2 ball pythons
  2 bats
  8 frilled lizards
  A leopard gecko skeleton (D:4)
  5 rats
  A river rat simulacrum (D:14)
486 creatures vanquished.

Vanquished Creatures (others)
  A hungry ghost (D:9)
  An ogre (D:8)
  3 slaves
  A bullfrog (D:9)
  A scorpion (D:8)
  An orc wizard (D:8)
  A worker ant (D:8)
  An adder zombie (D:9)
  A leopard gecko (D:8)
  An orc (D:8)
  A quokka (D:8)
  4 fungi (D:8)
  A withered plant (D:5)
18 creatures vanquished.

Grand Total: 504 creatures vanquished

Notes
Turn   | Place    | Note
-------+----------+-------------------------------------------
     0 | D:1      | Notair the Minotaur Gladiator began the quest for the Orb.
     0 | D:1      | Reached XP level 1. HP: 18/18 MP: 0/0
   170 | D:1      | Reached skill level 4 in Axes
   473 | D:1      | Reached XP level 2. HP: 25/25 MP: 1/1
  1115 | D:2      | Reached XP level 3. HP: 31/31 MP: 2/2
  1133 | D:2      | Found an opulent altar of Gozag.
  1196 | D:2      | Found a shimmering altar of Xom.
  1196 | D:2      | Found a radiant altar of Vehumet.
  1851 | D:3      | Reached skill level 5 in Axes
  1981 | D:3      | Reached XP level 4. HP: 35/39 MP: 3/3
  2376 | D:3      | Found a runed gate.
  2376 | D:3      | Found a runed gate.
  2376 | D:3      | Found a runed gate.
  2378 | D:3      | Noticed alpinistek's ghost (amateur DsIE)
  2431 | D:3      | Found a bloodstained altar of Trog.
  2519 | D:4      | Found Zemosegh's Food Emporium.
  2538 | D:4      | Found a runed door.
  2544 | D:4      | Noticed Banto's ghost (novice DsGl)
  2552 | D:4      | Reached skill level 6 in Axes
  2552 | D:4      | Reached XP level 5. HP: 38/46 MP: 4/4
  2705 | D:4      | Found a basalt altar of Yredelemnul.
  2712 | D:4      | Found a hazy altar of Hepliaklqana.
  2908 | D:4      | Noticed Natasha
  2923 | D:4      | Killed Natasha
  2994 | D:4      | Noticed Sigmund
  3006 | D:4      | Killed Sigmund
  3006 | D:4      | Reached skill level 5 in Fighting
  3006 | D:4      | Reached skill level 7 in Axes
  3006 | D:4      | Reached XP level 6. HP: 55/56 MP: 5/5
  3047 | D:4      | Noticed Natasha
  3053 | D:4      | Killed Natasha
  3114 | D:4      | Noticed Natasha
  3125 | D:4      | Killed Natasha
  3459 | D:4      | Reached skill level 8 in Axes
  3608 | D:5      | Entered Level 5 of the Dungeon
  3620 | D:5      | Reached XP level 7. HP: 61/61 MP: 6/6
  3724 | D:5      | Found Nopp's Armour Emporium.
  3884 | D:5      | Reached skill level 9 in Axes
  4264 | D:5      | Reached XP level 8. HP: 49/71 MP: 7/7
  4430 | D:5      | Found Poocwuf's Weapon Shop.
  4611 | D:3      | Reached skill level 10 in Axes
  4623 | D:3      | Killed alpinistek's ghost
  5094 | D:5      | Found a runed door.
  5095 | D:5      | Noticed derval's ghost (amateur MfIE)
  5272 | D:5      | Found an opulent altar of Gozag.
  5272 | D:5      | Found a hide-covered altar of Uskayaw.
  5367 | D:5      | Killed derval's ghost
  5395 | D:5      | Reached skill level 11 in Axes
  5711 | D:6      | Found a glowing drain.
  5733 | Sewer    | Entered a sewer
  6200 | D:6      | Reached XP level 9. HP: 78/82 MP: 8/8
  6340 | D:6      | Found a staircase to the Ecumenical Temple.
  6350 | Temple   | Entered the Ecumenical Temple
  6455 | D:6      | Reached skill level 12 in Axes
  7048 | D:6      | Noticed Eustachio
  7057 | D:6      | Noticed Blork the orc
  7066 | D:6      | Killed Blork the orc
  7399 | D:6      | Killed Eustachio
  7399 | D:6      | Reached skill level 13 in Axes
  7890 | D:7      | Reached skill level 10 in Fighting
  8282 | D:7      | Reached XP level 10. HP: 67/93 MP: 9/9
  8571 | D:7      | Reached skill level 14 in Axes
  9302 | D:8      | Noticed Pikel
  9314 | D:8      | Killed Pikel
  9592 | D:8      | Reached skill level 15 in Axes
 10023 | D:8      | Found an ancient bone altar of Kikubaaqudgha.
 10115 | D:8      | Found an iron altar of Okawaru.
 10302 | D:8      | Became a worshipper of Warmaster Okawaru
 10668 | D:9      | Noticed a two-headed ogre
 10676 | D:9      | Killed a two-headed ogre
 10676 | D:9      | Reached * piety under Okawaru
 10903 | D:9      | Found a roughly hewn altar of Beogh.
 10903 | D:9      | Found a staircase to the Orcish Mines.
 10959 | D:9      | Reached XP level 11. HP: 8/104 MP: 8/10
 10964 | D:9      | HP: 5/104 [poisoned by a hornet]
 10969 | D:9      | HP: 5/104 [poisoned by a hornet]
 10976 | D:9      | HP: 5/104 [poisoned by a hornet]
 10984 | D:9      | HP: 5/104 [poisoned by a hornet]
 11403 | D:9      | Reached skill level 16 in Axes
 11440 | D:9      | Reached ** piety under Okawaru
 11836 | D:9      | Found Ubuocof's Food Boutique.
 11912 | D:9      | Noticed Maurice
 11942 | D:9      | Killed Maurice
 12141 | D:9      | Found a runed gate.
 12141 | D:9      | Found a runed gate.
 12141 | D:9      | Found an opulent altar of Gozag.
 12141 | D:9      | Found a runed gate.
 12141 | D:9      | Noticed oberejnoburuli's ghost (novice OpTm)
 12141 | D:9      | Noticed a stone giant
 12143 | D:9      | Noticed a centaur warrior
 12145 | D:9      | Found Boaclyni's Assorted Antiques.
 12165 | D:9      | Killed a stone giant
 12165 | D:9      | Reached *** piety under Okawaru
 12166 | D:9      | Killed a centaur warrior
 12166 | D:9      | Reached skill level 17 in Axes
 12169 | D:9      | Killed oberejnoburuli's ghost
 12169 | D:9      | Reached **** piety under Okawaru
 12497 | D:10     | Entered Level 10 of the Dungeon
 12929 | D:10     | Noticed Harold
 12950 | D:10     | Killed Harold
 12950 | D:10     | Received a gift from Okawaru
 14019 | D:11     | Noticed a catoblepas
 14039 | D:11     | Killed a catoblepas
 14039 | D:11     | Reached XP level 12. HP: 14/115 MP: 8/11
 14414 | D:11     | Found Foej's Gadget Shop.
 14414 | D:11     | Found Baupn's Weapon Boutique.
 14452 | D:11     | Noticed Erica
 14460 | D:11     | Killed Erica
 14460 | D:11     | Received a gift from Okawaru
 14460 | D:11     | Reached skill level 18 in Axes
 14904 | D:11     | Found a staircase to the Lair.
 14968 | D:11     | Found Hicoilir's Magic Scroll Shoppe.
 15104 | D:11     | Found Ikaukh's Weapon Shop.
 15195 | D:11     | Found Xefiv's Antique Weapon Shoppe.
 15347 | D:12     | Reached ***** piety under Okawaru
 15376 | D:12     | Reached skill level 1 in Armour
 15593 | D:12     | Received a gift from Okawaru
 15596 | D:12     | Got a pair of jewelled gloves {god gift}
 15602 | D:12     | Identified the +1 pair of gloves "Tawkeino" {rF+++ Int-2
                  | Dex+9 Stlth+} (Okawaru gifted it to you on level 12 of the
                  | Dungeon)
 15796 | D:12     | Noticed a two-headed ogre
 15803 | D:12     | Killed a two-headed ogre
 16074 | D:12     | Noticed a five-headed hydra
 16082 | D:12     | Killed a six-headed hydra
 16082 | D:12     | Reached skill level 19 in Axes
 16313 | D:12     | Noticed a two-headed ogre
 16321 | D:12     | Killed a two-headed ogre
 17231 | D:13     | Reached skill level 5 in Armour
 17692 | D:13     | Reached XP level 13. HP: 112/125 MP: 12/12
 18105 | D:13     | Found a gate to the Vaults.
 18390 | D:13     | Found a runed door.
 18397 | D:13     | Found a runed door.
 18398 | D:13     | Noticed a lich
 18547 | D:13     | Noticed a frost giant
 18547 | D:13     | Noticed HELP's ghost (journeyman DsBe)
 18859 | D:14     | Found a labyrinth entrance.
 18875 | D:14     | Noticed Azrael
 18897 | D:14     | Killed Azrael
 19002 | D:14     | HP: 2/125 [four-headed hydra (9)]
 19012 | D:14     | HP: 4/125 [centaur warrior zombie (1)]
 19558 | D:14     | Reached skill level 20 in Axes
 19951 | D:14     | Reached skill level 15 in Fighting
 20586 | D:14     | Reached ****** piety under Okawaru
 20921 | D:15     | Entered Level 15 of the Dungeon
 20931 | D:15     | Found a burning altar of Makhleb.
 20992 | D:15     | Noticed an ettin
 20999 | D:15     | HP: 3/127 [ettin/+2 dire flail of protection (34)]
 21001 | D:15     | Mangled by an ettin

Vault maps used:
D:1:      dpeg_arrival_refuge
D:2:      gammafunk_temple_overflow_wave, first_ration,
          nicolae_gozag_seed_capital
D:3:      lightli_temple_of_fire, gammafunk_ghost_necromancy,
          grunt_ministairs_14, eino_tiny_chamber, minmay_misc_feat_room
D:4:      kennysheep_mini, overflow_temple_1_default,
          hellmonk_ghost_happy_afterlife, serial_shops, shop_fountains,
          uniq_natasha, uniq_sigmund
D:5:      gammafunk_temple_overflow_elements, serial_shops, nicolae_shop_stone,
          serial_gnoll_camp, gnoll_camp_mini_doghouse, gnoll_camp_huts_basic,
          gnoll_camp_mini_hut, gnoll_camp_mini_shop, gnoll_camp_mini_hut,
          gnoll_camp_mini_loothouse, gammafunk_ghost_grave
D:6:      kennysheep_windowed_halls, minmay_temple_entry_crystal_x,
          cheibrodos_sewer_entry_bend, serial_park_tiny_pond, uniq_eustachio,
          uniq_blork_the_orc
D:7:      the_bakery, minmay_stone_trees_small
D:8:      lemuel_slime, lemuel_round_altar, lemuel_doored_altar, uniq_pikel
D:9:      david_orc_5, ebering_ghost_gozag, serial_shops,
          nicolae_shop_waterfront, uniq_maurice
D:10:     uniq_harold
D:11:     erik_lair_orcish_takeover, serial_shops, nicolae_shop_behind_doors,
          shop, nicolae_shop_trees, shop, shop, uniq_erica
D:13:     david_vaults_5, muffindrake_ghost_dual_entry
D:14:     lab_entry_generic, nrook_mini_backslash, eino_house_with_fridge,
          uniq_azrael
D:15:     hangedman_depths_entry_civil_slaughter, lemuel_statue_altar
Temple:   cyrus_circular_temple
Sewer:    sewer_the_crocodile

Skill      XL: |  1  2  3  4  5  6  7  8  9 10 11 12 13 |
---------------+----------------------------------------+-----
Axes           | 4 5 6 7 8 9 11 13 15 17 19 20 | 20.0
Fighting       | 3 4 5 6 8 10 11 13 14 15 | 15.5
Armour         | 5 8 |  8.5
Throwing       | |  2.0
Dodging        | |  3.2

Action                   |  1- 3 |  4- 6 |  7- 9 | 10-12 | 13-15 || total
-------------------------+-------+-------+-------+-------+-------++-------
Melee: War axe           |    62 |   106 |   370 |       |       ||   538
       Headbutt          |     7 |    19 |    80 |   172 |    70 ||   348
       Broad axe         |       |       |     3 |   653 |   184 ||   840
       Mace              |       |       |       |       |     7 ||     7
       Punch             |       |       |       |       |     2 ||     2
 Fire: Arbalest          |       |       |    18 |       |     2 ||    20
Throw: Throwing net      |     2 |     2 |     1 |       |       ||     5
       Stone             |    10 |    22 |       |       |       ||    32
Invok: Heroism           |       |       |       |     4 |     5 ||     9
Evoke: Wand              |       |       |       |     6 |    11 ||    17
  Use: Scroll            |     1 |     5 |     8 |       |     3 ||    17
       Potion            |       |       |     2 |       |     2 ||     4
 Stab: Held in net/web   |       |     2 |     1 |       |       ||     3
  Eat: Chunk             |     3 |     5 |    12 |    27 |    11 ||    58
       Ration            |       |       |     1 |     1 |     1 ||     3
Armor: Leather armour    |    13 |    14 |       |       |       ||    27
       Chain mail        |       |    13 |       |       |       ||    13
       Plate armour      |       |     2 |   212 |   304 |   144 ||   662
Dodge: Dodged            |    34 |    72 |   107 |   216 |    93 ||   522

Table legend:
 A = Non-vault XP
 B = Vault XP
 C = Vault XP percentage of total XP
 D = Non-vault monster count
 E = Vault monster count
 F = Vault count percentage of total count
                 A         B        C        D         E       F
            +---------+---------+-------+---------+---------+-------
      Total |   37086 |   17442 |  32.0 |     335 |     151 |  31.1
            +---------+---------+-------+---------+---------+-------
        D:1 |      38 |       0 |   0.0 |      15 |       0 |   0.0
        D:2 |      23 |       0 |   0.0 |       9 |       0 |   0.0
        D:3 |     138 |     217 |  61.1 |      29 |       5 |  14.7
        D:4 |     247 |     263 |  51.6 |      22 |       2 |   8.3
        D:5 |     466 |     922 |  66.4 |      14 |      31 |  68.9
        D:6 |     973 |    1527 |  61.1 |      22 |      22 |  50.0
        D:7 |    1516 |     220 |  12.7 |      33 |       1 |   2.9
        D:8 |    1046 |    1481 |  58.6 |      20 |      24 |  54.5
        D:9 |    3576 |    4759 |  57.1 |      25 |      27 |  51.9
       D:10 |    2381 |    1028 |  30.2 |      17 |       1 |   5.6
       D:11 |    2645 |    1479 |  35.9 |      24 |       8 |  25.0
       D:12 |    8227 |       0 |   0.0 |      40 |       0 |   0.0
       D:13 |    5553 |    1863 |  25.1 |      25 |       4 |  13.8
       D:14 |    8946 |    3201 |  26.4 |      36 |      19 |  34.5
       D:15 |    1311 |     367 |  21.9 |       4 |       1 |  20.0
      Sewer |       0 |     115 | 100.0 |       0 |       6 | 100.0
            +---------+---------+-------+---------+---------+-------
